[Event "*** Titled Tuesday Blitz"]
[Site "Chess.com"]
[Date "2021.04.20"]
[Round "10"]
[White "Nayemhaque22"]
[Black "fabianvivasz"]
[Result "1-0"]
[WhiteElo "2464"]
[BlackElo "2349"]
[TimeControl "180+1"]
[EndTime "11:54:59 PDT"]
[Termination "Nayemhaque22 won on time"]

1. d4 Nf6 2. Bg5 c5 3. e3 Qb6 4.
Nc3 cxd4 5. exd4 Qxb2 6. Nb5 Na6 7. Rb1 Qxa2 8. Ra1 Qe6+ 9. Be2 Qb6 10. c4 d6 11. Nf3 Bd7 12. O-O Bxb5 13. cxb5 Nc7 14. Qa4 Ne4 15. Be3 Nc3 16. Qc2 Nxe2+ 17. Qxe2 Qxb5 18. Qd2 e6 19. Rfc1 Nd5 20. Bg5 h6 21. Bh4 Be7 22. Bxe7 Kxe7 23. Rcb1 Qd7 24. Ra5 Rhc8 25.
Rba1 b6 26. Ra6 Qb7 27. h4 Rc4 28. Qd3 Rc3 29. Qh7 Nb4 30. R6a4 Nc2 31. Rc1 Nxd4 32. Rxc3 Ne2+ 33. Kh2 Nxc3 34. Rg4 g6 35. Qxh6 Qd5 36. Rg5 Qe4 37. h5 Qg4 38. Rxg4 1-0

[Event "*** Titled Tuesday Blitz"]
[Site "Chess.com"]
[Date "2021.04.20"]
[Round "10"]
[White "Qvalda"]
[Black "VladaSviridova"]
[Result "0-1"]
[WhiteElo "2414"]
[BlackElo "2286"]
[TimeControl "180+1"]
[EndTime "11:54:59 PDT"]
[Termination "VladaSviridova won on time"]

1. e4 e6 2. d4 d5 3. Bd3 dxe4 4. Bxe4 Nf6 5. Bf3 c5 6. Ne2 Be7 7. Be3 Qc7 8. O-O O-O 9. dxc5 Bxc5 10. Bxc5 Qxc5 11.
c3 Nc6 12. Nd2 Rd8 13. Qc1 Bd7 14. Ne4 Nxe4 15. Bxe4 f5 16. Bf3 e5 17. Bxc6 Bxc6 18. Qg5 Qd5 19. Rfe1 h6 20. Qg3 Kh7 21. f3 Rd6 22.
Rad1 Qc5+ 23. Kh1 Rad8 24. Rxd6 Rxd6 25. h4 Rg6 26. Qh3 Qf2 27. Rd1 Qxe2 28. Rd8 e4 29. h5 Rg5 30. Rf8 exf3 31. gxf3 Bxf3+ 0-1

[Event "*** Titled Tuesday Blitz"]
[Site "Chess.com"]
[Date "2021.04.20"]
[Round "10"]
[White "GregShahade"]
[Black "yuki_chess123"]
[Result "1-0"]
[WhiteElo "2684"]
[BlackElo "2277"]
[TimeControl "180+1"]
[EndTime "11:55:00 PDT"]
[Termination "GregShahade won by resignation"]

1. e4 g6 2. d4 Bg7 3. Nc3 c6 4. Nf3 d5 5. h3 f6 6. Bf4 Nh6 7. Qd2 Nf7 8. O-O-O O-O 9. e5 fxe5 10. Nxe5 Nd7 11.
Nxf7 Rxf7 12. g3 e5 13. dxe5 Nxe5 14. Be2 Qf8 15. Kb1 Be6 16. h4 Ng4 17. Rdf1 h5 18. Nd1 Re8 19. Bd3 Bf5 20. Bxf5 Rxf5 21. Ne3 Nxe3 22. Bxe3 Qf6 23. c3 b6 24. Bd4 Qe6 25.
Re1 Qf7 26. Rxe8+ Qxe8 27. Re1 Qf7 28. Bxg7 Kxg7 29. f4 Rf6 30. Qd4 c5 31. Qe5 Kh7 32. a4 Rc6 33. Qe7 Rc7 34. Qg5 Qf5+ 35.
Qxf5 gxf5 36. Re5 Rg7 37. Rxf5 Rxg3 38. Rxh5+ Kg6 39. Rg5+ Rxg5 40. fxg5 c4 1-0

[Event "*** Titled Tuesday Blitz"]
[Site "Chess.com"]
[Date "2021.04.20"]
[Round "10"]
[White "szachuspl"]
[Black "Rytenko_V"]
[Result "1-0"]
[WhiteElo "2523"]
[BlackElo "2337"]
[TimeControl "180+1"]
[EndTime "11:55:00 PDT"]
[Termination "szachuspl won by resignation"]

1. d4 d5 2. c4 c6 3. cxd5 cxd5 4. Bg5 Nc6 5. Nc3 Nf6 6. Bxf6 gxf6 7. e3 e6 8. Nf3 Qb6 9. Qd2 Bd7 10. Bd3 Bd6 11.
O-O h5 12. Rfc1 h4 13. a3 Ke7 14. b4 Rag8 15. Na4 Qd8 16. Nc5 Bc8 17. e4 Qf8 18. b5 Qg7 19. Bf1 Nd8 20. Re1 e5 21. Kh1 Bg4 22. Qd3 Ne6 23. Nxe6 fxe6 24. exd5 Bf5 25. Qe3 e4 26. Nd2 Qg4 27. Nxe4 Bf4 28.
Qe2 h3 29. g3 Qg6 30. dxe6 Rd8 31. Rad1 Rhg8 32. Qf3 Bd6 33. Nxd6 Rxd6 34. Qxb7+ Kf8 35. e7+ Kg7 36. e8=Q+ Kh8 37. Qxg6 1-0

[Event "*** Titled Tuesday Blitz"]
[Site "Chess.com"]
[Date "2021.04.20"]
[Round "10"]
[White "Borsuk_Konstantin"]
[Black "nocnypako"]
[Result "1-0"]
[WhiteElo "2701"]
[BlackElo "2542"]
[TimeControl "180+1"]
[EndTime "11:55:02 PDT"]
[Termination "Borsuk_Konstantin won on time"]

1. d4 Nf6 2. c4 g6 3. Nc3 d5 4. Nf3 Bg7 5. Bg5 Ne4 6. cxd5 Nxg5 7. Nxg5 e6 8. Nf3 exd5 9. b4 O-O 10. Qb3 c6 11. e3 Be6 12. Bd3 Nd7 13. O-O b5 14. a4 a6 15. a5 c5 16. bxc5 Nxc5 17. dxc5 d4 18. Qb4 dxc3 19. Be4 Ra7 20. Nd4 Rc7 21.
Rfd1 Qe7 22. Nc6 Qh4 23. g3 Qg4 24. Rac1 Bc4 25. Bg2 c2 26. Rd6 Rfc8 27. Rxc2 Bf8 28. Rcd2 Bxd6 29. cxd6 Rb7 30. Ne7+ Rxe7 31. dxe7 1-0

[Event "*** Titled Tuesday Blitz"]
[Site "Chess.com"]
[Date "2021.04.20"]
[Round "10"]
[White "PowerThinking2650"]
[Black "Kislov_Oleg"]
[Result "1-0"]
[WhiteElo "2414"]
[BlackElo "2484"]
[TimeControl "180+1"]
[EndTime "11:55:05 PDT"]
[Termination "PowerThinking2650 won by resignation"]

1. e4 c5 2. Nf3 Nc6 3. d4 cxd4 4. Nxd4 e5 5. Nb5 d6 6. N1c3 a6 7. Na3 b5 8. Nd5 Nge7 9. c4 Nd4 10. cxb5 Nxd5 11.
exd5 Qh4 12. Bd3 Be7 13. O-O O-O 14. bxa6 f5 15. Nc2 Nxc2 16. Qxc2 e4 17. Qc6 f4 18. Bxe4 Bxa6 19. Re1 Rfc8 20. Qd7 Rd8 21. Bxh7+ Kxh7 22. Qxe7 Qxe7 23. Rxe7 f3 24. Bd2 Bc4 25. Bc3 Rg8 26. a4 Bxd5 27. gxf3 Bxf3 28. a5 Rae8 29. Rae1 Rc8 30.
h3 Rc5 31. Kh2 Kg6 32. Rg1+ Kf5 33. Rgxg7 Rxg7 34. Rxg7 Ke4 35. Kg3 Rf5 36. Re7+ Kd3 37. Re3+ 1-0

[Event "*** Titled Tuesday Blitz"]
[Site "Chess.com"]
[Date "2021.04.20"]
[Round "10"]
[White "kritipatel"]
[Black "chessbia"]
[Result "0-1"]
[WhiteElo "1765"]
[BlackElo "2316"]
[TimeControl "180+1"]
[EndTime "11:55:05 PDT"]
[Termination "chessbia won by checkmate"]

1. e4 e5 2. Nf3 Nc6 3. Bc4 Bc5 4. c3 Nf6 5. d3 h6 6. Nbd2 d6 7. Bb3 a5 8. h3 b5 9. Nf1 a4 10. Bc2 O-O 11. Ng3 d5 12. Qe2 b4 13. O-O Ba6 14.
Rd1 Re8 15. exd5 Qxd5 16. c4 Qd7 17. Ne4 Be7 18. Bxa4 Bb7 19. Nxe5 Qe6 20. Bxc6 Bxc6 21. Nxc6 Qxc6 22. Qf3 Nxe4 23. dxe4 Qxc4 24. Qg3 Bd6 25. Qg4 Rxe4 26. Qf3 Rae8 27. Bd2 Qc2 28. b3 Qxd2 29. Qxe4 Qxd1+ 30. Rxd1 Rxe4 31. g3 Re2 32. Ra1 Be5 33. Kg2 Bxa1 34. Kf3 Rxa2 35. Ke4 Rb2 36. Kd5 Rxb3 37. Kc6 Rc3+ 38. Kb7 b3 39. Kc8 b2 40. f4 b1=Q 41. f5 c5 42. g4 Re3 43. h4 Re7 44. f6 Qb7+ 45. Kd8 Qd7# 0-1

[Event "*** Titled Tuesday Blitz"]
[Site "Chess.com"]
[Date "2021.04.20"]
[Round "10"]
[White "draksbg"]
[Black "sokidze"]
[Result "0-1"]
[WhiteElo "2585"]
[BlackElo "2765"]
[TimeControl "180+1"]
[EndTime "11:55:06 PDT"]
[Termination "sokidze won by resignation"]

1. e4 c5 2. Nf3 Nc6 3. Bb5 g6 4. O-O Bg7 5. c3 e5 6. Re1 Nge7 7. a3 O-O 8. b4 d6 9. Bb2 a6 10. Bf1 h6 11. h3 f5 12. d4 fxe4 13. Rxe4 exd4 14.
cxd4 d5 15. Re1 c4 16. Nc3 Nf5 17. Ne5 Nxe5 18. dxe5 Be6 19. Ne2 g5 20. Nd4 Nxd4 21.
Bxd4 Rc8 22. Qd2 Rf4 23. g3 Rf3 24. Re3 Rxe3 25. Qxe3 Qd7 26. Kh2 b5 27. Rd1 Rf8 28. Bg2 Rf5 29. Bc3 Qf7 30. Kg1 h5 31. Qe2 h4 32. g4 Rf4 33. Bd2 d4 34. Bxf4 Qxf4 35.
Qe4 Qxe4 36. Bxe4 Bxe5 37. f4 Bxf4 38. Kg2 d3 39. Kf3 Kf7 40. Bxd3 cxd3 41. Rxd3 Ke7 42.
Ke4 Bc4 43. Rd1 Ke6 44. Rd8 Bf1 45. Rh8 Bg2+ 46. Kd3 Bxh3 47. Rh6+ Ke5 0-1

[Event "*** Titled Tuesday Blitz"]
[Site "Chess.com"]
[Date "2021.04.20"]
[Round "10"]
[White "jacky72"]
[Black "guillembaches"]
[Result "1-0"]
[WhiteElo "2703"]
[BlackElo "2514"]
[TimeControl "180+1"]
[EndTime "11:55:06 PDT"]
[Termination "jacky72 won on time"]

1. a3 e5 2. g3 Nf6 3. Bg2 d5 4. b4 Bd6 5. Bb2 O-O 6. d3 Re8 7. e3 c6 8. Ne2 a5 9. c3 Nbd7 10. O-O Nf8 11. Nd2 h5 12. h3 Bf5 13. e4 Be6 14.
Re1 Qd7 15. Kh2 h4 16. Qc2 Ng6 17. Nf3 hxg3+ 18. fxg3 a4 19. Ng5 dxe4 20. dxe4 Bb3 21. Qd3 Rad8 22. Qf3 Qe7 23. Nc1 Bc4 24. Bf1 Bxf1 25.
Rxf1 Rf8 26. c4 Nh7 27. Nxh7 Kxh7 28. Ne2 Bc7 29. Rad1 Kg8 30. Nc3 Rxd1 31. Rxd1 Rd8 32. Nxa4 Qg5 33. Bc1 Qe7 34. Be3 Qe6 35. Rxd8+ Bxd8 36. Qd1 Bf6 37. Qd3 Nf8 38. Nb6 g6 39. a4 Be7 40. b5 Qf6 41. Kg2 Kg7 42. Nd7 Nxd7 43. Qxd7 cxb5 44. axb5 Ba3 45. Qxb7 Qd6 46. Qd5 Qb4 47.
Qxe5+ f6 48. Qd4 Qb1 49. b6 Bb2 50. Qd7+ Kg8 51. Qe8+ Kh7 52. Qe7+ Kg8 53. b7 Qc2+ 54. Bf2 1-0

[Event "*** Titled Tuesday Blitz"]
[Site "Chess.com"]
[Date "2021.04.20"]
[Round "10"]
[White "MPGM"]
[Black "AEMEffi"]
[Result "1-0"]
[WhiteElo "2502"]
[BlackElo "2332"]
[TimeControl "180+1"]
[EndTime "11:55:07 PDT"]
[Termination "MPGM won by checkmate"]

1. c4 e5 2. Nc3 Nf6 3. g3 Nc6 4. Bg2 Bc5 5. a3 a5 6. e3 O-O 7. Nge2 Re8 8. O-O h6 9. b3 Bf8 10. Bb2 d6 11. f4 e4 12. Nd5 Nxd5 13. cxd5 Nb8 14. f5 c6 15. Nc3 cxd5 16. Nxd5 Nc6 17.
Rc1 Bd7 18. Rc4 b5 19. Rxe4 Rxe4 20. Bxe4 b4 21. a4 Rc8 22. f6 g6 23. Qe2 Ne5 24.
Ne7+ Bxe7 25. fxe7 Qxe7 26. Bg2 Bg4 27. Qa6 Be6 28.
Qxa5 Nd3 29. Ba1 Bxb3 30. Qb6 d5 31. Qd4 Bc4 32. Qg7# 1-0

[Event "*** Titled Tuesday Blitz"]
[Site "Chess.com"]
[Date "2021.04.20"]
[Round "10"]
[White "Zmof"]
[Black "Aslanov_Umid"]
[Result "0-1"]
[WhiteElo "2244"]
[BlackElo "2453"]
[TimeControl "180+1"]
[EndTime "11:55:07 PDT"]
[Termination "Aslanov_Umid won by checkmate"]

1. e4 c5 2. Nf3 d6 3. Bb5+ Bd7 4. Bxd7+ Qxd7 5. O-O f6 6. d4 e6 7. Nc3 cxd4 8.
Nxd4 Nc6 9. Be3 Nxd4 10. Qxd4 Ne7 11. Rad1 Nc6 12. Qd2 Be7 13. f4 O-O 14. Kh1 Na5 15. b3 Rac8 16. f5 Qc6 17. Bd4 e5 18. Nd5 Bd8 19.
Bxa7 Qxc2 20. Qb4 Qe2 21. Qxd6 Rc2 22. Bf2 Qxe4 23. Qe6+ Kh8 24. Nb4 Qxb4 25. Rd7 Rxf2 26. Rg1 Rf4 27. Rf7 Rh4 28. h3 Bb6 29. Rd1 Rxh3+ 30.
gxh3 Qe4+ 31. Kh2 Qe2+ 32. Kg3 Bf2+ 33. Kg2 Be3+ 34. Kg3 Bf4+ 35. Kh4 Qf2+ 36. Kh5 Qf3+ 37. Kh4 Qg3+ 38. Kh5 Qxh3# 0-1

[Event "*** Titled Tuesday Blitz"]
[Site "Chess.com"]
[Date "2021.04.20"]
[Round "10"]
[White "TimKett"]
[Black "Leo_C"]
[Result "0-1"]
[WhiteElo "2241"]
[BlackElo "2415"]
[TimeControl "180+1"]
[EndTime "11:55:08 PDT"]
[Termination "Leo_C won on time"]

1. e4 Nf6 2. e5 Nd5 3. d4 d6 4. c4 Nb6 5. exd6 cxd6 6. Nc3 g6 7. Be3 Bg7 8. h4 h5 9. Qd2 Nc6 10.
O-O-O Bf5 11. Nf3 Rc8 12. d5 Na5 13. Bd4 Naxc4 14. Bxc4 Nxc4 15. Qe2 Bxd4 16. Nxd4 Bd7 17. Rhe1 O-O 18. Qxe7 Qb6 19. b3 Ne5 20. Kb2 Qc5 21. Nde2 Qb4 22. Rd4 Nc4+ 23. Kc2 Na3+ 24. Kb2 Nc4+ 25.
Ka1 Rce8 26. Qxd7 Rxe2 27. Rxc4 Rxe1+ 28. Kb2 Qb6 29. Rc8 Qxf2+ 30. Ka3 Rxc8 31. Qxc8+ Kg7 32. Qxb7 Qc5+ 33. Qb4 Qe3 34. Nb5 Qc1+ 35. Ka4 Re2 36. a3 Rxg2 37. Qd4+ Kh7 38. Qxa7 Rg4+ 39. b4 Qc2+ 40.
Ka5 Rf4 41. Qd4 Rxd4 0-1

[Event "*** Titled Tuesday Blitz"]
[Site "Chess.com"]
[Date "2021.04.20"]
[Round "10"]
[White "AlexSuv"]
[Black "Raud100"]
[Result "0-1"]
[WhiteElo "2556"]
[BlackElo "2404"]
[TimeControl "180+1"]
[EndTime "11:55:09 PDT"]
[Termination "Raud100 won by resignation"]

1. d4 d5 2. c4 c6 3. Nc3 Nf6 4. e3 Bf5 5. cxd5 Nxd5 6. Nf3 e6 7. Bd3 Bxd3 8. Qxd3 Be7 9. O-O O-O 10. e4 Nf6 11.
Bg5 Nbd7 12. e5 Nd5 13. Bxe7 Qxe7 14. Ne4 h6 15. Nd6 c5 16. Rac1 cxd4 17. Qxd4 N7b6 18.
Nd2 Nc8 19. N2e4 Nxd6 20. Nxd6 Rad8 21. Qxa7 Rd7 22. Rc2 f6 23. Qc5 Rc7 24. exf6 gxf6 25. Ne4 Rxc5 26. Nxc5 Rc8 27. Rfc1 b6 28. Nd3 Rxc2 29.
Rxc2 Qd6 30. g3 Kg7 31. a3 Kg6 32. h4 e5 33. Ne1 Ne7 34. Rc3 Qd1 35. Kf1 Nf5 36.
Rd3 Qb1 37. Rd2 Nd4 38. g4 Nf3 39. h5+ Kg5 40. Re2 Kxg4 41. Re4+ 0-1

[Event "*** Titled Tuesday Blitz"]
[Site "Chess.com"]
[Date "2021.04.20"]
[Round "10"]
[White "Margency"]
[Black "profofchess"]
[Result "1-0"]
[WhiteElo "2702"]
[BlackElo "2511"]
[TimeControl "180+1"]
[EndTime "11:55:10 PDT"]
[Termination "Margency won on time"]

1. e4 e6 2. d4 d5 3. exd5 exd5 4. c4 Nf6 5. Nc3 g6 6. Bg5 dxc4 7. Bxc4 Bg7 8. Nf3 O-O 9. O-O Bg4 10. h3 Bxf3 11. Qxf3 Qxd4 12. Qxb7 Nbd7 13. Bb3 Qb6 14. Qf3 Nc5 15.
Be3 Qa5 16. Bxc5 Qxc5 17. Rac1 Qb6 18. Rfd1 Rad8 19. Nd5 Nxd5 20. Rxd5 Rxd5 21. Qxd5 Bxb2 22. Rc6 Qd4 23. Rxc7 Qxd5 24. Bxd5 Bd4 25. g4 h6 26. h4 Kg7 27. Kg2 a5 28. Rd7 Bf6 29. Kg3 g5 30. h5 Be5+ 31. Kf3 Kf6 32. Ke4 Bc3 33. Ra7 Re8+ 34. Kd3 Rc8 35. Rxf7+ Ke5 36. Rf5+ Kd6 37. Bc4 Be5 38. Rf7 Rc7 39. Rf8 1-0

[Event "*** Titled Tuesday Blitz"]
[Site "Chess.com"]
[Date "2021.04.20"]
[Round "10"]
[White "deribas12345"]
[Black "DanielTitichoca"]
[Result "0-1"]
[WhiteElo "2530"]
[BlackElo "2328"]
[TimeControl "180+1"]
[EndTime "11:55:10 PDT"]
[Termination "DanielTitichoca won by resignation"]

1. d4 Nf6 2. c4 c5 3. d5 b5 4. e4 d6 5. Qc2 bxc4 6. Bxc4 g6 7. Nf3 Bg7 8. O-O O-O 9. Nc3 Bg4 10. Nd2 Ne8 11.
f3 Bd7 12. Kh1 Nc7 13. f4 a5 14. a3 Bc8 15. e5 dxe5 16. f5 Bxf5 17. Rxf5 gxf5 18. Qxf5 Ne8 19. Nde4 Nd6 20. Qh5 Nd7 21. Bd3 Nxe4 22. Nxe4 f5 23. Ng5 Nf6 24. Qh4 h6 25. Bxf5 hxg5 26. Be6+ Rf7 27. Bxg5 Rb8 28. Rf1 Rxb2 29. Qc4 Qd6 30. Qa4 Rb8 31. Qxa5 Rf8 32. Qd2 c4 33. Qc2 Nxd5 34. Rxf7 Qxe6 35. Rxf8+ Kxf8 36.
Qxc4 Qf5 37. Bc1 Nf4 38. h3 e4 39. Qc8+ Qxc8 0-1

[Event "*** Titled Tuesday Blitz"]
[Site "Chess.com"]
[Date "2021.04.20"]
[Round "10"]
[White "JiiHart"]
[Black "chessmadara"]
[Result "1-0"]
[WhiteElo "2013"]
[BlackElo "2162"]
[TimeControl "180+1"]
[EndTime "11:55:10 PDT"]
[Termination "JiiHart won on time"]

1. e4 c5 2. Nf3 d6 3. d4 cxd4 4. Nxd4 Nf6 5. Nc3 g6 6. Be3 Bg7 7. f3 Nc6 8. Qd2 O-O 9. g4 Be6 10. O-O-O Rc8 11. h4 Nxd4 12. Bxd4 Rxc3 13. Qxc3 Qd7 14.
Kb1 Rc8 15. Qb4 Qc6 16. c3 a5 17. Qb5 Qc7 18. h5 Bd7 19. Qb6 Qb8 20. hxg6 hxg6 21.
g5 Nh5 22. Bxg7 Nxg7 23. Qd4 Be6 24. Bd3 b5 25. f4 b4 26. c4 b3 27. a3 Qc7 28. f5 Bd7 29. fxg6 fxg6 30. e5 dxe5 31.
Qh4 Bf5 32. Bxf5 gxf5 33. g6 1-0

[Event "*** Titled Tuesday Blitz"]
[Site "Chess.com"]
[Date "2021.04.20"]
[Round "10"]
[White "BvsN"]
[Black "IriBu"]
[Result "0-1"]
[WhiteElo "2383"]
[BlackElo "2567"]
[TimeControl "180+1"]
[EndTime "11:55:12 PDT"]
[Termination "IriBu won by resignation"]

1. c4 Nf6 2. Nc3 g6 3. e4 Bg7 4.
d4 d6 5. Nge2 c5 6. d5 O-O 7.
Ng3 e6 8. Be2 exd5 9. cxd5 Re8 10. O-O Na6 11. Bg5 h6 12. Be3 Nc7 13. Qd2 Kh7 14. f3 a6 15. a4 Rb8 16. a5 b5 17.
axb6 Rxb6 18. f4 Nb5 19. e5 Nxc3 20. bxc3 dxe5 21. Bxc5 exf4 22. Qxf4 Rb2 23. Bf3 Nxd5 24. Qxf7 Be6 25. Qa7 Nxc3 26. Ne4 Nxe4 27. Bxe4 Bc4 28. Bf3 Bxf1 29. Rxf1 Rb5 30. Kh1 Kh8 31. Bc6 Qd3 32.
Rg1 Rc8 33. Bxb5 Qxb5 34. Bf2 a5 35. Qf7 Qd3 36. Re1 Rf8 37. Qc7 Rxf2 38. Qc8+ Kh7 39. Qc7 Rf1+ 0-1

[Event "*** Titled Tuesday Blitz"]
[Site "Chess.com"]
[Date "2021.04.20"]
[Round "10"]
[White "dodorox"]
[Black "HanSchut"]
[Result "0-1"]
[WhiteElo "2123"]
[BlackElo "2274"]
[TimeControl "180+1"]
[EndTime "11:55:14 PDT"]
[Termination "HanSchut won by resignation"]

1. d4 Nf6 2. c4 g6 3. Nc3 d5 4.
Bf4 Bg7 5. e3 c5 6. dxc5 Qa5 7.
Rc1 dxc4 8. Bxc4 O-O 9. Nf3 Qxc5 10. Bb3 Nc6 11. O-O Qa5 12. h3 Bf5 13. Qe2 Ne4 14.
Nxe4 Bxe4 15. Rfd1 e5 16. Bg3 h6 17. Rd7 Rab8 18.
Rcd1 Bf5 19. Rxf7 Rxf7 20. Nh4 Rf8 21. Nxf5 gxf5 22. Rd7 Qb6 23. Rxf7 Rxf7 24. Qc4 Qc7 25. Qxf7+ Qxf7 26. Bxf7+ Kxf7 27. Kf1 Ke6 28. Ke2 Bf6 29. Kd3 h5 30. Kc4 h4 31. Bh2 e4 32. b4 Be5 33. Bg1 Bd6 34. b5 Ne5+ 35. Kb3 Nd3 36. a4 b6 37. Kc4 Ke5 38. f4+ Ke6 39. Kd4 Bc5+ 40. Kc4 0-1

[Event "*** Titled Tuesday Blitz"]
[Site "Chess.com"]
[Date "2021.04.20"]
[Round "10"]
[White "KetiGrant"]
[Black "shnitez"]
[Result "1-0"]
[WhiteElo "2349"]
[BlackElo "2490"]
[TimeControl "180+1"]
[EndTime "11:55:15 PDT"]
[Termination "KetiGrant won on time"]

1. e4 c5 2. Nf3 e6 3. d4 cxd4 4. Nxd4 a6 5. Bd3 Bc5 6. Nb3 Be7 7. Qg4 g6 8. Qg3 d6 9. O-O Nc6 10. Nc3 Nf6 11. Bh6 Nh5 12. Qe3 Ne5 13. Be2 Qc7 14. Rad1 Bd7 15. f4 Nc6 16. f5 O-O-O 17. Bxh5 gxh5 18.
f6 Bf8 19. Bg7 Rg8 20. Qh6 Na5 21. Qxh7 Bxg7 22. fxg7 Nxb3 23. cxb3 Bc6 24. Kh1 f5 25. Nd5 exd5 26. exd5 Rxg7 27. Qxh5 Kb8 28. dxc6 Qxc6 29. Qf3 Qxf3 30. Rxf3 Rf7 31. Rfd3 Kc7 32. Kg1 Rf6 33. b4 Kd7 34. a4 Rc8 35. Rc3 Re8 36. Kf2 Re4 37. Rb3 Rfe6 38. Rd2 Rf4+ 39. Kg3 Rg4+ 40. Kf3 Ree4 41. g3 Rxb4 42. Rbd3 Rxa4 43. Rxd6+ Kc7 44. Rd7+ Kb6 45. Rf7 Rgb4 46. Rxf5 Rb3+ 47. Kg2 Rab4 48. Rff2 a5 49. h4 Rg4 50. Rf3 Rbb4 51. Kh3 Kb5 52. h5 b6 53. h6 Rg6 54.
Rd5+ 1-0

[Event "*** Titled Tuesday Blitz"]
[Site "Chess.com"]
[Date "2021.04.20"]
[Round "10"]
[White "catzapto"]
[Black "suneebaker"]
[Result "0-1"]
[WhiteElo "2104"]
[BlackElo "2199"]
[TimeControl "180+1"]
[EndTime "11:55:16 PDT"]
[Termination "suneebaker won by resignation"]

1. e4 e5 2. Nf3 Nc6 3. d4 exd4 4. Bc4 Nf6 5. e5 d5 6. Bb5 Ne4 7. Nxd4 Bd7 8. Bxc6 bxc6 9. O-O c5 10. Nb3 c6 11. f3 Ng5 12. f4 Ne4 13. N3d2 Nxd2 14. Nxd2 Bf5 15. g4 Bc8 16. Rf2 c4 17. Rg2 h5 18. f5 hxg4 19. Qxg4 Qh4 20. e6 Bc5+ 21. Kf1 Qxg4 22. Rxg4 Rxh2 23. Rxg7 Rf2+ 24. Ke1 Rxf5 25. exf7+ Rxf7 26. Rxf7 Kxf7 27. Nf3 Bf5 28. c3 Re8+ 29. Kd2 Be3+ 30. Kd1 Bg4 31. Bxe3 Rxe3 32. Kd2 Rd3+ 33. Kc2 Bxf3 34. Rf1 Ke6 35. b3 Be4 36. Re1 Re3+ 37. Kd2 Rxe1 38. Kxe1 cxb3 39. axb3 Kd6 40. Kd2 Kc5 41. Kc1 a5 42. Kb2 Kb5 43. Ka3 c5 44.
Kb2 a4 45. c4+ dxc4 46. bxa4+ Kxa4 47. Kc3 Kb5 48. Kb2 Kb4 49. Kc1 c3 50. Kd1 Kb3 51. Kc1 c2 52. Kd2 Kb2 0-1

[Event "*** Titled Tuesday Blitz"]
[Site "Chess.com"]
[Date "2021.04.20"]
[Round "10"]
[White "AniJak"]
[Black "PawnEatingZombie"]
[Result "1-0"]
[WhiteElo "2284"]
[BlackElo "2174"]
[TimeControl "180+1"]
[EndTime "11:55:17 PDT"]
[Termination "AniJak won on time"]

1. e4 c6 2. d4 d5 3. e5 Bf5 4. Nf3 e6 5. Be2 Ne7 6. O-O Nc8 7. Nbd2 a5 8. a4 Be7 9. Nb3 O-O 10. Re1 Nb6 11. Be3 Nc4 12. Bxc4 dxc4 13. Nbd2 b5 14. c3 Nd7 15. Nf1 Nb6 16. Ng3 Bg6 17. Nd2 Nd5 18. Nde4 Bxe4 19. Nxe4 h6 20. Qg4 Kh8 21.
Qh5 Kh7 22. f4 f5 23. exf6 Bxf6 24. f5 exf5 25. Qxf5+ Kh8 26. Qg6 Qe8 27. Qxe8 Rfxe8 28. Nxf6 Nxf6 29. Bf2 Kg8 30. Rxe8+ Nxe8 31. axb5 cxb5 32. Bg3 Nf6 33. Bc7 a4 34. Bd6 Nd5 35. Re1 Kf7 36. Bc5 Re8 37. Rxe8 Kxe8 38. Kf2 Kf7 39. Kf3 Ke6 40.
Ke4 g6 41. g3 Nf6+ 42. Kf4 Kd5 43. Bf8 h5 44. Ba3 Ne4 45. h3 g5+ 46. Kf3 h4 47. gxh4 gxh4 48. Kg4 Nf2+ 49. Kxh4 1-0

[Event "*** Titled Tuesday Blitz"]
[Site "Chess.com"]
[Date "2021.04.20"]
[Round "10"]
[White "The_filthy"]
[Black "anon481216"]
[Result "0-1"]
[WhiteElo "2418"]
[BlackElo "2541"]
[TimeControl "180+1"]
[EndTime "11:55:21 PDT"]
[Termination "anon481216 won by resignation"]

1. e4 c5 2. Nf3 d6 3. d4 cxd4 4. Nxd4 Nf6 5. Nc3 a6 6. Be3 e5 7. Nb3 Be6 8. f3 Be7 9. Qd2 O-O 10. O-O-O Nbd7 11. g4 b5 12. g5 b4 13. Ne2 Ne8 14. Kb1 a5 15. Ng3 Nc7 16. Nf5 d5 17.
Nxe7+ Qxe7 18. h4 d4 19. Bf2 a4 20. Nc1 Nc5 21. Nd3 b3 22. cxb3 axb3 23. a3 Na4 24. Nb4 Qd7 25. f4 exf4 26. Qxd4 Qxd4 27.
Rxd4 Rfd8 28. Be2 Rxd4 29. Bxd4 Rd8 30. Rd1 Bh3 31. Nc6 Rd7 32. Ne5 Rd6 33. Bc4 Ne6 34.
Bxe6 fxe6 35. Nc4 Rd7 36. Kc1 Bg2 37. Bc3 Rxd1+ 38. Kxd1 Nxc3+ 39. bxc3 Bxe4 40. Nb2 f3 41. Ke1 e5 42. Kf2 Kf7 43. a4 Ke6 44. a5 Kd6 45. a6 Kc7 46. Ke3 Ba8 47. h5 Kb6 48.
h6 gxh6 49. c4 Kxa6 0-1

[Event "*** Titled Tuesday Blitz"]
[Site "Chess.com"]
[Date "2021.04.20"]
[Round "10"]
[White "MrrRefrao"]
[Black "jamalm2"]
[Result "1-0"]
[WhiteElo "2367"]
[BlackElo "2024"]
[TimeControl "180+1"]
[EndTime "11:55:21 PDT"]
[Termination "MrrRefrao won on time"]

1. e4 g6 2. d4 Bg7 3. Nc3 c5 4. d5 Qa5 5. Bd2 Qc7 6. Nf3 a6 7. a4 d6 8. h3 Bd7 9. Bc4 Nf6 10. O-O O-O 11. Bf4 Bc8 12. e5 Nh5 13. exd6 exd6 14.
Bh2 Nd7 15. Ne4 Ne5 16. Nxe5 dxe5 17. d6 Qc6 18. Bd5 Qb6 19. a5 Qd8 20. Nxc5 Rb8 21. Bb3 Bd7 22. Nxd7 Qxd7 23. Qd2 Rbd8 24. Rfd1 Kh8 25.
Qd5 f5 26. Bxe5 Nf6 27. Qd4 Nh5 28. Bxg7+ Nxg7 29. Ba4 Qe6 30. d7 f4 31. Re1 Qf7 32.
Rad1 f3 33. g3 Qf5 34. Kh2 h6 35. Re7 Qf6 36. Qxf6 Rxf6 37. Re8+ 1-0

[Event "*** Titled Tuesday Blitz"]
[Site "Chess.com"]
[Date "2021.04.20"]
[Round "10"]
[White "MMSANCHEZ"]
[Black "gumimis"]
[Result "1-0"]
[WhiteElo "2559"]
[BlackElo "2345"]
[TimeControl "180+1"]
[EndTime "11:55:22 PDT"]
[Termination "MMSANCHEZ won on time"]

1. d4 Nf6 2. c4 g6 3. Nc3 Bg7 4. e4 O-O 5. h3 d6 6. Be3 Na6 7.
g4 e5 8. d5 Nc5 9. f3 a5 10.
Nge2 Ne8 11. Ng3 Bf6 12. Qd2 Bh4 13. Rg1 c6 14. O-O-O cxd5 15. cxd5 b6 16. Bh6 Ng7 17. Nf5 Nxf5 18. gxf5 Re8 19. Bb5 Bd7 20. Bxd7 Nxd7 21.
Rg4 Bf6 22. Rdg1 Bg7 23. Bg5 Qc7 24. Kb1 Rac8 25. h4 Nf6 26. Bxf6 Bxf6 27. fxg6 fxg6 28. h5 g5 29. Rxg5+ Kh8 30. Rf5 Rf8 31. Qh6 Bg7 32.
Qe6 Rxf5 33. exf5 Qc5 34. Rg2 e4 35. f6 Bh6 36. f7 Bg7 37. h6 Qd4 38. hxg7+ Qxg7 39.
Rxg7 Kxg7 40. Nxe4 Rc1+ 41. Kxc1 1-0

[Event "*** Titled Tuesday Blitz"]
[Site "Chess.com"]
[Date "2021.04.20"]
[Round "10"]
[White "QuintilianoR"]
[Black "dpopadic"]
[Result "1-0"]
[WhiteElo "2659"]
[BlackElo "2370"]
[TimeControl "180+1"]
[EndTime "11:55:23 PDT"]
[Termination "QuintilianoR won on time"]

1. e4 c5 2. Nf3 Nc6 3. d4 cxd4 4. Nxd4 Nf6 5. Nc3 e5 6. Ndb5 d6 7. Bg5 a6 8. Na3 b5 9. Bxf6 gxf6 10. Nd5 Bg7 11. c3 f5 12. exf5 Bxf5 13. Nc2 O-O 14. Nce3 Bd7 15. Bd3 f5 16. O-O e4 17.
Bc2 Ne5 18. Nf4 Qf6 19. Kh1 Bh6 20. Ned5 Qg7 21. f3 exf3 22. gxf3 Kh8 23. Rg1 Qf7 24. Bb3 Bc6 25. Rg3 Qb7 26. Ne6 Rg8 27. f4 Ng6 28. Rh3 Bxf4 29. Qd4+ Be5 30. Qd2 Rae8 31. Ng5 Rg7 32. Rg1 Nf4 33. Nf3 Bxd5 34. Bxd5 Qxd5 35. Rxg7 1-0

[Event "*** Titled Tuesday Blitz"]
[Site "Chess.com"]
[Date "2021.04.20"]
[Round "10"]
[White "Serly25"]
[Black "poppy73"]
[Result "0-1"]
[WhiteElo "1955"]
[BlackElo "2188"]
[TimeControl "180+1"]
[EndTime "11:55:23 PDT"]
[Termination "poppy73 won on time"]

1. d4 Nf6 2. c4 g6 3. Nc3 Bg7 4. e4 d6 5. f3 O-O 6. Be3 c5 7.
d5 Nbd7 8. Qd2 a6 9. O-O-O Ne5 10. Bh6 Rb8 11. Bxg7 Kxg7 12. f4 Ned7 13. Nf3 b5 14. cxb5 axb5 15. Bxb5 Nxe4 16. Nxe4 Rxb5 17. Qc3+ Nf6 18.
Nxf6 exf6 19. Rhe1 Bf5 20. h3 h5 21. Nh4 Bd7 22.
f5 Rb4 23. g4 g5 24. Nf3 hxg4 25. Nxg5 Bxf5 26. hxg4 Rxg4 27. Rg1 Rxg1 28. Rxg1 Bg6 29.
Ne4 Re8 30. Ng3 Re5 31. Qf3 Qh8 32. Nf5+ Kf8 33. Nxd6 Qh6+ 34. Kd1 Bh5 35. Rg4 Bxg4 36. Qxg4 Qh1+ 37. Kd2 Qe1+ 38. Kd3 Re3+ 39. Kc2 Qf2+ 0-1